Map: Sito di ricerca JD-2

Players

leclod

  • Race: Terran Terran
  • Spawn Location: 7:00

NESS

  • Race: Protoss Protoss
  • Spawn Location: 6:00

Jhyrachy

  • Race: Zerg Zerg
  • League: Gold
  • Spawn Location: 6:00

Buna

  • Race: Protoss Protoss
  • League: Bronze
  • Spawn Location: 7:00

benitox

  • Race: Protoss Protoss
  • Spawn Location: 12:00

Siegfried

  • Race: Protoss Protoss
  • Spawn Location: 12:00

Travical

  • Race: Zerg Zerg
  • League: Silver
  • Spawn Location: 1:00

Dima

  • Race: Protoss Protoss
  • Spawn Location: 3:00

VOD

Have the link to the VOD?

Description

Time

  • Played on: April 13, 2016, 2:35 p.m.
  • Length: 10:11
Show
View Real Time Build Order
Export as new Build Order

leclod Terran 

Build Orders:  

Get SALT Encoding   

  12  0:03  SCV  
  13  0:15  SCV  
  14  0:25  Supply Depot  
  14  0:27  SCV  
  15  0:47  SCV  
  16  0:52  Barracks  
  16  0:58  Barracks  
  16  1:07  Barracks  
  16  1:09  SCV  
  17  1:21  SCV  
  18  1:33  SCV  
  19  1:47  Supply Depot  
  19  1:49  Marine  
  19  1:50  Marine  
  21  2:07  Marine x2  
  23  2:09  Refinery  
  23  2:11  Refinery  
  23  2:16  SCV, Engineering Bay  
  24  2:25  Marine x3  
  24  2:28  SCV  
  28  2:38  Supply Depot  
  28  2:40  SCV  
  28  2:43  Marine x2  
  26  3:26  Marine x3  
  25  3:39  Factory  
  25  3:44  Missile Turret, Marine x3  
  28  3:49  SCV  
  29  4:01  Marine, SCV  
  29  4:02  Marine x2  
  30  4:03  Missile Turret  
  30  4:13  SCV  
  31  4:19  Marine x3  
  33  4:37  Marine x3  
  31  4:55  Marine x2  
  29  5:00  Marine  
  29  5:06  Factory Tech Lab  
  28  5:10  Factory  
  28  5:13  Marine x2  
  30  5:18  Marine  
  31  5:25  Missile Turret  
  31  5:28  Missile Turret  
  31  5:31  Marine  
  32  5:40  Marine  
  30  5:48  Siege Tank  
  28  5:58  Missile Turret, Marine  
  27  6:10  Missile Turret  
  24  6:38  Siege Tank  
  3  7:20  Siege Tank  
Show
View Real Time Build Order
Export as new Build Order

NESS Protoss 

Build Orders:  

Get SALT Encoding   

  12  0:03  Probe (Chrono Boost)  
  13  0:13  Probe (Chrono Boost)  
  14  0:28  Pylon  
  14  0:30  Probe (Chrono Boost)  
  15  0:46  Probe (Chrono Boost)  
  16  0:50  Gateway  
  16  0:56  Probe (Chrono Boost)  
  17  1:07  Probe (Chrono Boost)  
  17  1:09  Pylon  
  18  1:13  Assimilator  
  18  1:18  Assimilator, Probe (Chrono Boost)  
  19  1:25  Forge  
  19  1:28  Probe (Chrono Boost)  
  17  2:00  Pylon  
  17  2:04  Photon Cannon  
  17  2:09  Pylon  
  17  2:31  Photon Cannon  
  15  4:47  Nexus  
Show
View Real Time Build Order
Export as new Build Order

Jhyrachy Zerg 

Build Orders: Hatch First 

Get SALT Encoding   

  12  0:10  Drone x2  
  14  0:17  Overlord  
  14  0:36  Drone x2  
  16  0:46  Drone  
  18  0:57  Drone  
  18  1:00  Hatchery  
  17  1:13  Extractor  
  17  1:15  Spawning Pool, Drone  
  16  1:24  Drone  
  17  1:29  Overlord  
  17  1:55  Drone x2  
  19  2:06  Roach Warren  
  19  2:07  Drone  
  19  2:11  Spine Crawler  
  18  2:16  Queen  
  18  2:19  Queen  
  22  2:31  Drone  
  22  2:32  Overlord  
  23  3:15  Roach  
  23  3:16  Roach x5  
  35  3:43  Ravager x2  
  37  3:52  Extractor  
  36  4:14  Drone  
  36  4:16  Drone x7  
  44  4:21  Overlord x3  
  44  4:43  Ravager  
  45  4:51  Drone x3  
  48  5:19  Extractor  
  47  5:22  Drone  
  47  5:23  Drone x7  
  47  5:26  Lair  
  55  5:28  Extractor  
  54  7:19  Queen  
  54  7:21  Roach  
  54  7:22  Roach x6  
  67  7:24  Overlord x3  
  60  7:49  Ravager x5  
  60  7:50  Ravager x5  
  67  8:02  Overseer  
Show
View Real Time Build Order
Export as new Build Order

Buna Protoss 

Build Orders:  

Get SALT Encoding   

  12  0:13  Probe (Chrono Boost)  
  13  0:20  Pylon  
  13  0:23  Probe (Chrono Boost)  
  14  0:34  Probe (Chrono Boost)  
  15  0:43  Gateway  
  15  0:45  Probe (Chrono Boost)  
  16  0:56  Probe (Chrono Boost)  
  17  1:02  Assimilator  
  17  1:06  Probe (Chrono Boost)  
  18  1:17  Probe (Chrono Boost)  
  19  1:26  Forge  
  19  1:27  Probe (Chrono Boost)  
  20  1:34  Cybernetics Core  
  20  1:38  Probe (Chrono Boost)  
  21  1:53  Zealot  
  23  2:13  Nexus  
  23  2:19  Warp Gate  
  23  2:27  Pylon  
  23  2:28  Gateway  
  23  2:34  Assimilator  
  23  2:45  Zealot  
  25  3:02  Pylon  
  25  3:04  Assimilator  
  25  3:08  Assimilator  
  25  3:18  Pylon  
  25  3:31  Stalker  
  25  3:32  Stalker  
  29  3:47  Mothership Core (Chrono Boost)  
  31  3:58  Photon Cannon  
  29  4:05  Probe (Chrono Boost)  
  30  4:15  Probe (Chrono Boost)  
  31  4:26  Probe (Chrono Boost)  
  32  4:51  Gateway  
  32  4:52  Protoss Ground Weapons Level 1, Gateway  
  28  5:21  Photon Cannon  
  28  5:25  Photon Cannon  
  28  5:28  Photon Cannon  
  26  5:33  Stalker x2  
  28  6:05  Stalker x2  
  32  6:16  Pylon  
  32  6:31  Pylon  
  32  6:46  Protoss Ground Armor Level 1  
  29  6:55  Gateway x2  
  29  6:57  Stalker x3  
  29  6:58  Stalker  
  37  7:02  Robotics Facility  
  37  7:25  Stalker  
  37  7:26  Stalker x2  
  37  7:27  Stalker  
  23  8:47  Immortal  
  27  8:49  Probe (Chrono Boost)  
  28  9:00  Probe (Chrono Boost)  
  29  9:10  Photon Cannon  
  29  9:11  Probe (Chrono Boost)  
  30  9:19  Photon Cannon  
  30  9:21  Probe (Chrono Boost)  
  31  9:26  Immortal  
  35  9:32  Probe (Chrono Boost)  
  36  9:42  Probe (Chrono Boost)  
  37  10:01  Probe (Chrono Boost)  
Show
View Real Time Build Order
Export as new Build Order

benitox Protoss 

Build Orders:  

Get SALT Encoding   

  12  0:03  Probe (Chrono Boost)  
  13  0:16  Pylon  
  13  0:19  Probe (Chrono Boost)  
  14  0:30  Probe (Chrono Boost)  
  14  0:31  Assimilator  
  15  0:40  Probe (Chrono Boost)  
  16  0:51  Gateway  
  16  0:55  Probe (Chrono Boost)  
  17  1:04  Assimilator  
  17  1:05  Probe (Chrono Boost)  
  18  1:15  Pylon  
  18  1:16  Probe (Chrono Boost)  
  19  1:44  Cybernetics Core  
  19  1:50  Probe (Chrono Boost)  
  20  2:00  Probe (Chrono Boost)  
  21  2:11  Probe (Chrono Boost)  
  22  2:23  Stargate  
  22  2:24  Stargate  
  22  2:41  Nexus  
  22  3:13  Void Ray  
  22  3:14  Void Ray  
  30  3:21  Pylon  
  30  3:32  Probe (Chrono Boost)  
  31  3:34  Protoss Air Armor Level 1 (Chrono Boost)  
  31  3:35  Assimilator  
  31  3:42  Probe (Chrono Boost)  
  32  3:53  Probe  
  33  4:05  Probe  
  33  4:09  Void Ray  
  38  4:17  Probe (Chrono Boost)  
  39  4:29  Probe (Chrono Boost)  
  40  4:40  Probe (Chrono Boost)  
  40  4:44  Void Ray  
  45  4:50  Probe (Chrono Boost)  
  45  4:52  Void Ray  
  50  4:55  Probe (Chrono Boost)  
  51  5:01  Probe (Chrono Boost)  
  52  5:11  Probe (Chrono Boost)  
  53  6:18  Pylon x2  
  53  6:20  Pylon  
  53  6:21  Void Ray  
  53  6:24  Stargate x2  
  53  6:35  Void Ray  
  57  6:43  Nexus  
  53  7:13  Protoss Air Weapons Level 1  
  53  7:14  Oracle  
  56  7:18  Void Ray  
  60  7:24  Void Ray  
  60  7:25  Void Ray  
  52  8:24  Void Ray x2  
  52  8:25  Void Ray  
  60  8:47  Void Ray  
  64  9:07  Void Ray  
Show
View Real Time Build Order
Export as new Build Order

Siegfried Protoss 

Build Orders:  

Get SALT Encoding   

  12  0:03  Probe (Chrono Boost)  
  13  0:13  Probe (Chrono Boost)  
  14  0:27  Pylon  
  14  0:30  Probe (Chrono Boost)  
  15  0:45  Probe (Chrono Boost)  
  15  0:48  Forge  
  16  0:54  Gateway  
  16  1:01  Pylon  
  16  1:09  Assimilator  
  16  1:12  Probe (Chrono Boost)  
  17  1:23  Probe (Chrono Boost)  
  18  1:33  Probe (Chrono Boost)  
  18  1:38  Photon Cannon  
  19  1:43  Photon Cannon  
  19  1:48  Cybernetics Core  
  19  1:54  Pylon  
  19  2:03  Pylon  
  19  2:06  Assimilator  
  19  2:17  Probe (Chrono Boost)  
  20  2:27  Probe (Chrono Boost)  
  21  2:32  Photon Cannon  
  21  2:38  Probe (Chrono Boost)  
  21  2:40  Photon Cannon  
  22  2:46  Pylon  
  22  2:55  Probe (Chrono Boost)  
  23  3:11  Photon Cannon  
  23  3:15  Pylon  
  23  3:17  Pylon  
  23  3:26  Protoss Shields Level 1  
  23  3:38  Photon Cannon  
  23  3:48  Photon Cannon  
  23  3:55  Pylon  
  23  4:11  Photon Cannon  
  23  4:18  Photon Cannon  
  23  4:30  Photon Cannon  
  23  4:33  Pylon  
  23  4:51  Twilight Council  
  23  4:56  Pylon  
  23  5:08  Gateway  
  23  5:13  Gateway  
  23  5:21  Pylon  
  23  5:31  Dark Shrine  
  23  5:36  Protoss Ground Armor Level 1  
  23  5:49  Photon Cannon  
  23  5:55  Pylon  
  23  6:23  Nexus  
  23  6:30  Stalker  
  25  6:38  Stalker  
  27  6:52  Stargate  
  27  6:58  Pylon  
  27  7:13  Dark Templar  
  27  7:14  Dark Templar  
  31  7:26  Assimilator  
  31  7:31  Assimilator  
  31  7:35  Forge  
  31  7:38  Probe (Chrono Boost)  
  28  7:48  Probe (Chrono Boost)  
  29  7:52  Dark Templar  
  31  8:19  Dark Templar  
  31  8:32  Void Ray, Dark Templar  
  37  9:03  Nexus  
  37  9:20  Pylon  
  37  9:23  Assimilator  
  37  9:27  Assimilator  
Show
View Real Time Build Order
Export as new Build Order

Travical Zerg 

Build Orders: 3 Hatch before Pool 

Get SALT Encoding   

  12  0:19  Drone  
  12  0:20  Drone  
  14  0:38  Hatchery  
  14  0:42  Overlord  
  13  0:47  Drone  
  14  0:58  Extractor  
  14  0:59  Drone  
  14  1:00  Drone  
  15  1:23  Hatchery  
  14  1:33  Drone  
  14  1:34  Drone x2  
  17  1:54  Spawning Pool, Drone x2  
  16  2:00  Extractor, Drone  
  18  2:06  Drone x2  
  20  2:20  Drone x2  
  22  2:31  Drone x2  
  24  2:39  Drone  
  24  2:40  Drone x2  
  24  2:43  Queen  
  29  2:50  Queen  
  31  3:00  Zergling x6  
  34  3:12  Overlord  
  34  3:16  Overlord  
  34  3:20  Metabolic Boost  
  34  3:30  Queen  
  35  4:00  Zergling x14  
  35  4:01  Zergling x4  
  42  4:33  Drone x3  
  42  4:34  Drone x5  
  50  4:43  Overlord  
  43  5:18  Drone  
  43  5:19  Drone x5  
  43  5:20  Drone x5  
  43  5:21  Drone x4  
  56  5:23  Overlord x2  
  58  5:28  Lair  
  58  5:32  Roach Warren  
  57  5:39  Evolution Chamber  
  56  5:43  Evolution Chamber  
  55  5:51  Zergling x10  
  55  5:52  Zergling x12  
  66  6:06  Zerg Melee Weapons Level 1  
  66  6:09  Zerg Ground Armor Level 1  
  66  6:13  Extractor  
  65  6:19  Extractor  
  65  6:21  Extractor  
  65  6:23  Extractor  
  65  6:25  Overlord x2  
  62  6:26  Overlord x2  
  60  7:15  Zergling x12  
  63  7:16  Zergling x22  
  63  7:17  Zergling x2  
  76  7:41  Hydralisk Den  
  48  9:46  Zergling x10  
  48  9:47  Zergling x14  
  48  9:48  Zergling x12  
Show
View Real Time Build Order
Export as new Build Order

Dima Protoss 

Build Orders: Cannon Rush 

Get SALT Encoding   

  12  0:12  Pylon  
  12  0:20  Probe (Chrono Boost)  
  13  0:34  Forge  
  13  0:43  Pylon  
  13  1:09  Photon Cannon  
  13  1:10  Photon Cannon  
  13  1:22  Photon Cannon  
  13  1:34  Pylon  
  13  1:44  Pylon  
  13  1:55  Photon Cannon  
  13  1:58  Probe (Chrono Boost)  
  14  2:12  Photon Cannon  
  14  2:25  Photon Cannon  
  14  2:35  Photon Cannon  
  14  3:04  Pylon  
  14  3:11  Photon Cannon  
  14  3:17  Pylon  
  14  3:25  Photon Cannon  
  14  3:38  Pylon  
  14  3:43  Pylon  
  13  4:29  Photon Cannon  
  13  4:31  Photon Cannon  
  13  4:34  Photon Cannon  
  13  4:52  Pylon  
  13  5:07  Photon Cannon  
  13  5:10  Photon Cannon  
  13  5:13  Photon Cannon  
  13  5:16  Photon Cannon  
  13  5:22  Pylon  
  13  5:34  Photon Cannon  
  13  5:50  Photon Cannon  
  13  6:00  Photon Cannon  
  13  6:21  Pylon  
  13  6:47  Pylon  
  13  6:53  Photon Cannon  
  13  6:57  Photon Cannon  
  13  7:04  Pylon  
  13  7:08  Photon Cannon  
  13  7:12  Photon Cannon  
  13  7:33  Photon Cannon  
  13  8:07  Nexus  
  13  8:10  Assimilator  
  13  8:14  Assimilator, Probe (Chrono Boost)  
  14  8:24  Probe (Chrono Boost)  
  14  8:26  Gateway  
  15  8:35  Probe (Chrono Boost)  
  16  8:45  Probe (Chrono Boost)  
  17  8:56  Probe (Chrono Boost)  
  18  9:06  Probe (Chrono Boost)  
  20  9:17  Probe (Chrono Boost), Photon Cannon  
  20  9:19  Photon Cannon  
  20  9:25  Pylon  
  20  9:27  Probe (Chrono Boost)  
  21  9:38  Probe (Chrono Boost)  
  22  9:52  Cybernetics Core  
  22  9:56  Probe (Chrono Boost), Pylon  
  23  10:00  Assimilator  
  24  10:08  Assimilator  
Tags
 
Add a new tag
Caveats
  • Supply blocks, unpowered buildings, or Contaminate may cause inaccurate times.
  • Supply counts are checked every 10 seconds.